 Dungeon Crawl Stone Soup version 0.31-a0-222-gefeffbb62a (webtiles) character file.

Game seed: 5532318308440337347

80 qw the Shooter (level 4, 0/26 HPs)
             Began as a Gargoyle Hexslinger on July 4, 2023.
             Slain by an orc wizard
             ... wielding a +0 dagger
              (2 damage)
             ... on level 2 of the Dungeon.
             The game lasted 00:00:44 (1657 turns).

qw the Shooter (Gargoyle Hexslinger)                Turns: 1657, Time: 00:00:44

Health: 0/26       AC:  6    Str: 11    XL:     4   Next: 39%
Magic:  5/5        EV: 11    Int: 14    God:
Gold:   129        SH:  0    Dex: 14    Spells: 4/5 levels left

rFire   . . .        Y - +1 sling
rCold   . . .        (no shield)
rNeg    + . .        a - +0 leather armour
rPois   inf          (no helmet)
rElec   +            (no cloak)
rCorr   .            (no gloves)
SInv    .            (no boots)
Will    .....        (no amulet)
Stlth   +            (no ring)
HPRegen 0.24/turn    (no ring)
MPRegen 0.09/turn

%: no passive effects
@: confused
A: sickness immunity, AC +3, negative energy resistance 1, electricity
resistance, torment resistance 1, petrification resistance
a: no special abilities


You were on level 2 of the Dungeon.
You visited 1 branch of the dungeon, and saw 3 of its levels.

You collected 129 gold pieces.


Innate Abilities, Weirdness & Mutations

You are immune to sickness and miasma.
Your stone body is resilient. (AC +3)
You are immune to poison.
You resist negative energy. (rN+)
You are resistant to electric shocks. (rElec)
You are resistant to unholy torment.
You are immune to petrification.


   Skills:
 - Level 2.0 Fighting
 + Level 4.2 Ranged Weapons
 - Level 1.5 Dodging
 - Level 1.0 Spellcasting
 - Level 2.6 Hexes


You had 4 spell levels left.
You knew the following spells:

 Your Spells              Type           Power      Damage    Failure   Level
a - Slow                  Hex            32%        N/A       12%         1

Your spell library contained the following spells:

 Spells                   Type           Power      Damage    Failure   Level
 Inner Flame              Hex/Fire       4%         N/A       52%         3
 Portal Projectile        Hex/Tloc       8%         N/A       52%         3
 Cause Fear               Hex            4%         N/A       75%         4

Inventory:

Hand Weapons
 Y - a +1 sling (weapon)
Armour
 a - a +0 leather armour (worn)
Potions
 d - a potion of might {unknown}
 g - a potion of heal wounds {unknown}
 j - a potion of brilliance {unknown}

Dungeon Overview and Level Annotations

Branches:
Dungeon (3/15)

Altars:

Annotations:
D:3 Ijyb


Message History

You shoot a sling bullet. The sling bullet hits the orc wizard.
The orc wizard is heavily wounded.
The orc wizard hits you with a +0 dagger.
You shoot a sling bullet.
The sling bullet hits the orc wizard but does no damage.
The orc wizard is heavily wounded.
The orc wizard gestures wildly while chanting.
The orc wizard flickers and vanishes!
Deactivating autopickup; reactivate with Ctrl-A.
Something hits you.
You shoot a sling bullet.
You hear some strange, mumbled words.
A puff of flame appears from out of thin air!
The puff of flame hits you.
You shoot a sling bullet. Something hits you but does no damage.
You shoot a sling bullet.
You hear some strange, mumbled words.
You are confused.
You shoot a sling bullet.
You hear some strange, mumbled words.
A puff of flame appears from out of thin air!
The puff of flame misses you.
You hear some strange, mumbled words.
You are more confused.
You shoot a sling bullet. Something hits you but does no damage.
You shoot a sling bullet. The sling bullet barely misses you.
Something hits you but does no damage.
You shoot a sling bullet. Something hits you.
You shoot a sling bullet.
You hear some strange, mumbled words.
A puff of flame appears from out of thin air!
The puff of flame misses you.
You shoot a sling bullet. Something hits you.
Something hits you but does no damage.
You shoot a sling bullet. Something hits you.
You die...

##¤¤¤........).###
#¤¤#########...## ##¤¤#
###..##
##¤###########..#
#¤¤¤¤¤....# ##..
##¤¤¤[###.# ### #¤...#
#.#####. ###
#####....###.......
#.###{@..).......>..###
#..#..###....######.%##
#....## #...[# ##...
#...## #....# ####
#..## ###### #...###
#.....# #.....# #.##..#


There were no monsters in sight!

Vanquished Creatures
  2 adders (D:2)
  2 worms (D:2)
  2 dart slugs
  4 bats
  4 endoplasms (D:1)
  A giant cockroach (D:2)
  5 goblins
  4 hobgoblins
  5 jackals
  6 ball pythons
  5 frilled lizards
  4 kobolds
  9 rats
53 creatures vanquished.

Notes
Turn   | Place    | Note
-------+----------+-------------------------------------------
     0 | D:1      | qw the Gargoyle Hexslinger began the quest for the Orb.
     0 | D:1      | Reached XP level 1. HP: 12/12 MP: 2/2
     0 | D:1      | 0 ||| qw: Version: 0.3-a-46-gb1f654a
     0 | D:1      | 0 ||| qw: Game counter: 909
     0 | D:1      | 0 ||| qw: Melee chars always use a shield: true
     0 | D:1      | 0 ||| qw: God list: Okawaru
     0 | D:1      | 0 ||| qw: Allow faded altars: false
     0 | D:1      | 0 ||| qw: Do Orc after clearing Dungeon:15 true
     0 | D:1      | 0 ||| qw: Do second Lair branch before Depths: true
     0 | D:1      | 0 ||| qw: Lair rune preference: random
     0 | D:1      | 0 ||| qw: Goals: Normal
     0 | D:1      | 0 ||| PLANNING D:1-11
   136 | D:1      | Reached XP level 2. HP: 16/16 MP: 3/3
   214 | D:1      | Reached skill level 3 in Ranged Weapons
   765 | D:1      | Reached XP level 3. HP: 15/21 MP: 4/4
   985 | D:1      | 985 ||| READING scroll labelled XEINWA KIPUZ.
  1001 | D:1      | 1001 ||| READING scroll labelled UCLUCO XOKKYRE.
  1002 | D:1      | 1002 ||| READING scroll labelled ZERROXKI ROUROFUDD.
  1003 | D:1      | 1003 ||| READING scroll labelled MULEYFR KIPSY.
  1004 | D:1      | 1004 ||| DROPPING scroll of poison.
  1174 | D:2      | Reached XP level 4. HP: 24/26 MP: 5/5
  1196 | D:2      | Reached skill level 4 in Ranged Weapons
  1614 | D:2      | 1614 ||| UPGRADING to +0 leather armour.
  1624 | D:2      | 1624 ||| DROPPING +0 robe.
  1625 | D:2      | 1625 ||| READING scroll labelled KYMEHUUCAE.
  1636 | D:3      | Noticed Ijyb
  1638 | D:3      | 1638 ||| STAIRDANCE
  1648 | D:2      | HP: 4/26 [something/puff of flame (6)]
  1654 | D:2      | HP: 4/26 [something (2)]
  1657 | D:2      | Slain by an orc wizard

Levels and vault maps discovered:
D:1:      nicolae_arrival_somewhat_less_tricky_arrival, layout_basic,
          serial_aquarium, aquarium_bridge_straight [aquarium_subvault_bridge,
          aquarium_subvault_window, aquarium_subvault_bridge,
          aquarium_subvault_wall], aquarium_bridge_square
          [aquarium_subvault_window, aquarium_subvault_bridge,
          aquarium_subvault_balcony, aquarium_subvault_bridge],
          aquarium_window_fake, aquarium_window_corner, aquarium_window_1,
          aquarium_view_2d
D:2:      layout_rooms
D:3:      layout_loops_cross, mainiacjoe_overflow_six_doors_small, serial_shops,
          nicolae_shop_window_shopping, nicolae_ecumenical_pavilion,
          item_on_display_a, uniq_ijyb

Skill      XL: |  1  2  3  4 |
---------------+-------------+-----
Ranged Weapons | 3 4 |  4.2
Fighting       | 2 |  2.0
Dodging        | |  1.5
Spellcasting   | |  1.0
Hexes          | |  2.6

Action                     |  1- 3 |  4- 6 || total
---------------------------+-------+-------++-------
   Fire: Sling             |   119 |    85 ||   204
    Use: Scroll            |     4 |     1 ||     5
 Armour: Robe              |    15 |    10 ||    25
         Leather armour    |       |     6 ||     6
  Dodge: Dodged            |    34 |    29 ||    63

Table legend:
 A = Non-vault XP
 B = Vault XP
 C = Vault XP percentage of total XP
 D = Non-vault monster count
 E = Vault monster count
 F = Vault count percentage of total count
                 A         B        C        D         E       F
            +---------+---------+-------+---------+---------+-------
      Total |     115 |       0 |   0.0 |      53 |       0 |   0.0
            +---------+---------+-------+---------+---------+-------
        D:1 |      45 |       0 |   0.0 |      29 |       0 |   0.0
        D:2 |      70 |       0 |   0.0 |      24 |       0 |   0.0
            +---------+---------+-------+---------+---------+-------
